[Event "*** SCC Grand Prix: Titled Tuesday Blitz"]
[Site "Chess.com"]
[Date "2020.09.08"]
[Round "7"]
[White "Tekushka"]
[Black "Rodchenkov_Vitalij"]
[Result "0-1"]
[WhiteElo "2425"]
[BlackElo "2580"]
[TimeControl "180+1"]
[EndTime "11:17:55 PDT"]
[Termination "Rodchenkov_Vitalij won by resignation"]

1. e4 c5 2. Nf3 Nc6 3. d4 cxd4 4.
Nxd4 Nf6 5. Nc3 e5 6. Ndb5 d6 7. Nd5 Nxd5 8. exd5 Nb8 9. c4 a6 10. Nc3 Be7 11. Be2 O-O 12. O-O Nd7 13. Be3 f5 14. f4 exf4 15. Bxf4 Qb6+ 16. Kh1 Qxb2 17. Rf3 Qb6 18.
Rh3 Qd8 19. Bd3 Nf6 20. Qe2 Ng4 21. Re1 Bg5 22. Qd2 Bxf4 23. Qxf4 Qf6 24. Nd1 Bd7 25. Nf2 Rae8 26. Rf1 Ne5 27. Bc2 Rc8 28. Bb3 g5 29.
Qd4 Nxc4 30. Qxf6 Rxf6 31. Rc1 b5 32. Nd3 f4 33. Rf3 Nd2 34. Rxc8+ Bxc8 35. Rf2 Nxb3 36. axb3 Bb7 37. Rc2 Bxd5 38. Rc8+ Rf8 0-1

[Event "*** SCC Grand Prix: Titled Tuesday Blitz"]
[Site "Chess.com"]
[Date "2020.09.08"]
[Round "7"]
[White "davidkalashian"]
[Black "rasmussvane"]
[Result "0-1"]
[WhiteElo "2603"]
[BlackElo "2872"]
[TimeControl "180+1"]
[EndTime "11:17:56 PDT"]
[Termination "rasmussvane won on time"]

1. d4 d5 2. Nf3 Nf6 3. c4 e6 4. Nc3 a6 5. cxd5 exd5 6. Bg5 Be6 7.
e3 Nbd7 8. Bd3 Bd6 9. Bf4 Bxf4 10. exf4 Bg4 11. Qe2+ Kf8 12. O-O c6 13. Rfe1 g6 14.
f5 Kg7 15. h3 Bxf3 16. Qxf3 Qb6 17. Ne2 Rae8 18. b3 Ne4 19. Rad1 Ndf6 20. Bb1 Re7 21. g4 Rhe8 22. h4 g5 23. Ng3 h6 24. Bxe4 dxe4 25. Qe3 Nd5 26. Nh5+ Kg8 27. Qg3 f6 28. hxg5 hxg5 29.
Re2 Kf7 30. Qd6 Qc7 31. Qxc7 Rxc7 32. Rde1 Rce7 33. Ng3 e3 34. fxe3 Nxe3 0-1

[Event "*** SCC Grand Prix: Titled Tuesday Blitz"]
[Site "Chess.com"]
[Date "2020.09.08"]
[Round "7"]
[White "LedakovAlexandr"]
[Black "latixxa"]
[Result "1-0"]
[WhiteElo "2446"]
[BlackElo "2157"]
[TimeControl "180+1"]
[EndTime "11:17:58 PDT"]
[Termination "LedakovAlexandr won by resignation"]

1. Nf3 d5 2. d4 Nf6 3. c4 e6 4. g3 dxc4 5. Bg2 c5 6. O-O Nc6 7. Ne5 Nxe5 8. dxe5 Qxd1 9. Rxd1 Nd7 10. Na3 Nb6 11.
Nb5 Ke7 12. a4 a6 13. Nd6 Rb8 14. Be3 Nd7 15. f4 b6 16. Nxc8+ Rxc8 17. Bb7 Rc7 18. Bxa6 g5 19. Bxc4 gxf4 20. gxf4 Bh6 21. Kf2 Ra8 22. Bb5 Nf8 23. Rd6 Ng6 24. Kf3 Nh4+ 25. Ke4 Nf5 26.
Rxb6 Rd8 27. Bf2 Rd5 28. Bc4 Rd2 29. a5 Nd4 30. Be3 Rc2 31. Bd3 c4 32. Bxc2 Nxc2 33. Rc1 Nxe3 34. Kxe3 Ra7 35. a6 Kf8 36. Rxc4 Kg7 37.
b4 1-0

[Event "*** SCC Grand Prix: Titled Tuesday Blitz"]
[Site "Chess.com"]
[Date "2020.09.08"]
[Round "7"]
[White "Ole83"]
[Black "MrrRefrao"]
[Result "0-1"]
[WhiteElo "2341"]
[BlackElo "2234"]
[TimeControl "180+1"]
[EndTime "11:17:58 PDT"]
[Termination "MrrRefrao won by resignation"]

1. c4 e5 2. Nc3 g6 3. g3 Bg7 4. Bg2 d6 5. d3 f5 6. e4 Nf6 7. Nge2 O-O 8. O-O Nc6 9. Bg5 h6 10.
Bxf6 Bxf6 11. exf5 Bxf5 12. Ne4 Bg7 13. Qd2 Qd7 14.
Rfe1 Bg4 15. Qe3 Rf7 16. f3 Bh3 17. Rf1 Raf8 18. Rf2 Bf5 19. Raf1 b6 20. f4 exf4 21. Rxf4 Ne5 22. N2c3 g5 23. Rxf5 Rxf5 24. Rxf5 Qxf5 25. h3 Nf3+ 26. Kh1 Bd4 27. Qe2 g4 28. h4 Qe5 29.
Nd5 c6 30. Nf4 Rxf4 31. gxf4 Qxf4 32. Bxf3 gxf3 33. Qf1 Qxh4+ 0-1

[Event "*** SCC Grand Prix: Titled Tuesday Blitz"]
[Site "Chess.com"]
[Date "2020.09.08"]
[Round "7"]
[White "m_ezat"]
[Black "Bulldog167"]
[Result "1-0"]
[WhiteElo "2600"]
[BlackElo "2824"]
[TimeControl "180+1"]
[EndTime "11:18:00 PDT"]
[Termination "m_ezat won by checkmate"]

1. d4 e6 2. c4 f5 3. Nc3 Nf6 4. e3 b6 5. Qc2 Bb7 6. f3 Bd6 7. Bd3 O-O 8. Nge2 Nc6 9. a3 Nh5 10. O-O Qh4 11. g3 Qh3 12. Nb5 Ne7 13. Nxd6 cxd6 14. Rf2 Rac8 15. Nc3 Nf6 16. Nb5 d5 17. Nd6 dxc4 18. Bf1 Qh5 19. Nxb7 Ne8 20. Qa4 Rc7 21.
Qxa7 Nd5 22. Qa6 c3 23. bxc3 Rxc3 24. Bd2 Rc2 25. Rc1 Rb2 26. Qd3 Qf7 27. Rb1 Rxb1 28.
Qxb1 d6 29. Ba6 Nec7 30. e4 fxe4 31. Nxd6 Qd7 32. Nxe4 Nxa6 33. Ng5 h6 34. Qh7# 1-0

[Event "*** SCC Grand Prix: Titled Tuesday Blitz"]
[Site "Chess.com"]
[Date "2020.09.08"]
[Round "7"]
[White "awesomevishesh"]
[Black "Machidon"]
[Result "1-0"]
[WhiteElo "2403"]
[BlackElo "2536"]
[TimeControl "180+1"]
[EndTime "11:18:00 PDT"]
[Termination "awesomevishesh won by resignation"]

1. e4 c6 2. Nf3 d5 3. d3 dxe4 4. dxe4 Qxd1+ 5. Kxd1 Bg4 6. Be2 Bxf3 7. Bxf3 e6 8. Nd2 Nd7 9. g3 Ne7 10. a4 Ng6 11.
Ke2 h5 12. h4 Nge5 13. Bg2 O-O-O 14. Nf3 Nxf3 15. Bxf3 Ne5 16. Bg2 Bc5 17. Bf4 Ng4 18.
f3 Nf6 19. a5 Rd7 20. c3 Rhd8 21. b4 Be7 22. Be3 Kb8 23. Rhd1 Bd6 24. Rxd6 Rxd6 25. e5 R6d7 26. exf6 gxf6 27. f4 e5 28. Bf3 Re7 29.
f5 Rg8 30. Kf2 Rd7 31. Bxh5 Rd3 32. Rc1 Rgd8 33. Bxf7 Rd1 1-0

[Event "*** SCC Grand Prix: Titled Tuesday Blitz"]
[Site "Chess.com"]
[Date "2020.09.08"]
[Round "7"]
[White "Firouzja2003"]
[Black "Grandelicious"]
[Result "1-0"]
[WhiteElo "2989"]
[BlackElo "2801"]
[TimeControl "180+1"]
[EndTime "11:18:01 PDT"]
[Termination "Firouzja2003 won on time"]

1. d4 d5 2. Nf3 c5 3. dxc5 e6 4. e4 Bxc5 5. exd5 exd5 6. Bb5+ Nc6 7. O-O Ne7 8. Nc3 O-O 9. h3 a6 10. Bd3 h6 11. Re1 Be6 12. a3 Qd7 13. b4 Ba7 14. Ne2 Bf5 15. Bb2 Rad8 16. Ng3 Bxd3 17. Qxd3 Ng6 18.
Rad1 Nf4 19. Qf5 Qxf5 20. Nxf5 Ne6 21. Ne5 Rfe8 22. Rd3 Nxe5 23. Rxe5 Nf4 24. Rf3 Rxe5 25. Bxe5 Ne6 26. Bxg7 Ng5 27. Rd3 Re8 28. Kf1 1-0

[Event "*** SCC Grand Prix: Titled Tuesday Blitz"]
[Site "Chess.com"]
[Date "2020.09.08"]
[Round "7"]
[White "Oleksandr_Bortnyk"]
[Black "XDPS"]
[Result "1-0"]
[WhiteElo "2936"]
[BlackElo "2791"]
[TimeControl "180+1"]
[EndTime "11:18:02 PDT"]
[Termination "Oleksandr_Bortnyk won by resignation"]

1. e4 e5 2. Nf3 Nc6 3. Bc4 Bc5 4. c3 Nf6 5. d4 exd4 6. cxd4 Bb4+ 7. Nbd2 Nxe4 8. d5 Ne7 9. O-O Nxd2 10. Nxd2 O-O 11. a3 Ba5 12. b4 Bb6 13. Bb2 d6 14. Re1 c6 15. Ne4 Nxd5 16. Bxd5 cxd5 17. Qxd5 Be6 18. Qh5 d5 19. Rad1 dxe4 20. Rxd8 Rfxd8 21. Qe5 Kf8 22.
Qxg7+ Ke8 23. Bf6 Rd2 24. Qh8+ Kd7 25. Qxa8 Bxf2+ 26. Kf1 Bc4+ 27. Re2 Rxe2 28. Qxb7+ Ke6 29. Qc6+ Kf5 30. Qxc4 Rd2 31. Bc3 1-0

[Event "*** SCC Grand Prix: Titled Tuesday Blitz"]
[Site "Chess.com"]
[Date "2020.09.08"]
[Round "7"]
[White "dretch"]
[Black "PSvidler"]
[Result "1-0"]
[WhiteElo "2794"]
[BlackElo "2915"]
[TimeControl "180+1"]
[EndTime "11:18:02 PDT"]
[Termination "dretch won by resignation"]

1. d4 d6 2. Nf3 Bg4 3. c4 Bxf3 4. exf3 c6 5. Nc3 g6 6. Bd3 Bg7 7. Be3 e6 8. h4 h5 9. Qd2 d5 10. O-O-O Ne7 11. g4 Nd7 12. Kb1 dxc4 13. Bxc4 Nb6 14.
Bb3 Ned5 15. Bg5 Bf6 16. gxh5 Rxh5 17. Ne4 Bxg5 18. hxg5 Qc7 19. Rxh5 gxh5 20. Rh1 O-O-O 21. Rxh5 Kb8 22. Rh7 Rg8 23. a3 a6 24. Ka2 Ka7 25.
Qa5 Qe7 26. Qc5 Qxc5 27. dxc5 Nd7 28. Rxf7 Ne5 29. Rh7 Nxf3 30. Nd6 Rxg5 31. Rxb7+ Ka8 32. Rf7 Nd2 33. f4 Rg2 34. Bxd5 exd5 35. f5 Nc4 36.
Kb3 Rxb2+ 37. Kc3 Rf2 38. Rf8+ Ka7 39. f6 Ne5 40. Re8 Rf3+ 41. Kc2 Nc4 42. Re7+ Kb8 43. Nxc4 dxc4 44. f7 1-0

[Event "*** SCC Grand Prix: Titled Tuesday Blitz"]
[Site "Chess.com"]
[Date "2020.09.08"]
[Round "7"]
[White "Torrentec"]
[Black "mr65"]
[Result "1/2-1/2"]
[WhiteElo "2313"]
[BlackElo "2152"]
[TimeControl "180+1"]
[EndTime "11:18:02 PDT"]
[Termination "Game drawn by repetition"]

1. e4 e5 2. Nf3 Nc6 3. Bc4 Nf6 4. d3 Bc5 5. Be3 Bxe3 6. fxe3 d5 7. exd5 Nxd5 8. Qd2 O-O 9. O-O e4 10. dxe4 Nf6 11.
Bd5 Nxd5 12. exd5 Ne7 13. c4 c6 14. e4 cxd5 15. exd5 Nf5 16. Nc3 Qb6+ 17. Kh1 Ne3 18. Rfb1 Nxc4 19. Qe2 Bf5 20. Qxc4 Bxb1 21. Rxb1 Rfe8 22.
h3 Qg6 23. Rf1 a6 24. Qc7 b5 25. Ne5 Qg3 26. Qxf7+ Kh8 27. Nf3 Rf8 28. Qb7 Rae8 29. a3 Rxf3 30. gxf3 Qxh3+ 31. Kg1 Qg3+ 32. Kh1 Qh3+ 33.
Kg1 Qg3+ 34. Kh1 Qh3+ 1/2-1/2

[Event "*** SCC Grand Prix: Titled Tuesday Blitz"]
[Site "Chess.com"]
[Date "2020.09.08"]
[Round "7"]
[White "Mikheev1976"]
[Black "wannabe2700"]
[Result "0-1"]
[WhiteElo "2406"]
[BlackElo "2644"]
[TimeControl "180+1"]
[EndTime "11:18:04 PDT"]
[Termination "wannabe2700 won by resignation"]

1. d4 f5 2. Nf3 Nf6 3. g3 g6 4.
Bg2 Bg7 5. O-O O-O 6. b3 d6 7. Bb2 c6 8. Nbd2 Na6 9. c4 Qe8 10. Qc2 Nb4 11. Qb1 a5 12. a3 Na6 13. Qc2 h6 14.
Rad1 Qf7 15. Ne1 g5 16. e3 f4 17. exf4 gxf4 18. Nd3 Bf5 19. Qc3 Nh5 20. Ne4 c5 21.
Qd2 cxd4 22. Nxf4 Bxe4 23. Bxe4 Nxf4 24. gxf4 Nc5 25. Bg2 Nxb3 26. Qc2 a4 27. Bxb7 Rab8 28.
Bc6 Qxf4 29. Kh1 Nc5 30. Rg1 e5 31. Rxg7+ Kxg7 32. Rg1+ Kh8 33. Qg6 Rg8 34. Qf7 Rxg1+ 35. Kxg1 Qxf7 0-1

[Event "*** SCC Grand Prix: Titled Tuesday Blitz"]
[Site "Chess.com"]
[Date "2020.09.08"]
[Round "7"]
[White "FMalexhdez"]
[Black "WiktoriaPOL"]
[Result "1-0"]
[WhiteElo "2210"]
[BlackElo "1961"]
[TimeControl "180+1"]
[EndTime "11:18:04 PDT"]
[Termination "FMalexhdez won on time"]

1. e4 c5 2. Nf3 g6 3. d4 cxd4 4. Nxd4 Nc6 5. Nc3 Nf6 6. Nb3 Bg7 7. Be2 O-O 8. O-O d6 9. Re1 Be6 10. Bf1 d5 11. Nc5 d4 12. Nxe6 fxe6 13. Nb1 e5 14. Nd2 a6 15. Nf3 b5 16. a4 b4 17. Bc4+ Kh8 18. Ng5 Qe8 19. Ne6 Na5 20. Nxf8 Nxc4 21. Ne6 Qc6 22. Nxg7 Kxg7 23. Qe2 Nd6 24. f4 exf4 25. e5 Nd5 26. exd6 Ne3 27. Bxe3 fxe3 28. dxe7 Re8 29. Rad1 Qf6 30. Qf3 Qe5 31. Rf1 Qxe7 32. Rxd4 e2 33. Re1 Qc5 34. c3 bxc3 35. bxc3 a5 36.
Rxe2 Rf8 37. Qe3 Qa3 38. Qe7+ Rf7 39. Qxa3 1-0

[Event "*** SCC Grand Prix: Titled Tuesday Blitz"]
[Site "Chess.com"]
[Date "2020.09.08"]
[Round "7"]
[White "Sergey85Rodchenkov"]
[Black "Nayemhaque22"]
[Result "1-0"]
[WhiteElo "2500"]
[BlackElo "2343"]
[TimeControl "180+1"]
[EndTime "11:18:06 PDT"]
[Termination "Sergey85Rodchenkov won by checkmate"]

1. e4 e5 2. Nf3 Nc6 3. Bc4 Nf6 4. d3 Be7 5. O-O O-O 6. Re1 d6 7. c3 Na5 8. Bb5 a6 9. Ba4 b5 10. Bc2 c5 11. Nbd2 Nc6 12. Nf1 Re8 13. a4 Be6 14. Ng3 b4 15. h3 Bf8 16. d4 cxd4 17. cxd4 exd4 18. b3 d5 19. e5 Nd7 20. Bf4 g6 21.
Nxd4 Nxd4 22. Qxd4 Rc8 23. Qd2 Rc3 24. Ne2 Rc8 25.
Nd4 Nc5 26. Rad1 Qb6 27. Bh6 Be7 28. Bg5 Bf8 29. Bf6 Ne4 30. Bxe4 dxe4 31. Rxe4 Rc3 32. Nxe6 Qxe6 33. Rd4 Qxb3 34. Rd8 Rxd8 35. Qxd8 Qc2 36. Qxf8+ Kxf8 37. Rd8# 1-0

[Event "*** SCC Grand Prix: Titled Tuesday Blitz"]
[Site "Chess.com"]
[Date "2020.09.08"]
[Round "7"]
[White "GothamChess"]
[Black "GMaka"]
[Result "1-0"]
[WhiteElo "2571"]
[BlackElo "2377"]
[TimeControl "180+1"]
[EndTime "11:18:07 PDT"]
[Termination "GothamChess won by checkmate"]

1. e4 c6 2. d4 d5 3. e5 a6 4. c4 b5 5. c5 a5 6. h4 h5 7. Bg5 b4 8. a4 Ba6 9. e6 f6 10. Bd3 Bxd3 11. Qxd3 Qc8 12. Qf5 Nh6 13. Bxh6 Rxh6 14.
Nf3 g6 15. Qh3 Na6 16. O-O Nc7 17. Re1 Bg7 18. Nbd2 Kf8 19. Re2 Kg8 20. Rae1 Qa6 21. Re3 Rh8 22. b3 Bh6 23. Qg3 Kh7 24. Qxc7 Ra7 25.
Qg3 Bxe3 26. Rxe3 Qb7 27. Ne1 Qc7 28. Qf3 Kh6 29. Nd3 Raa8 30. g4 hxg4 31. Qxg4 Rag8 32. Nf4 Kh7 33. Rg3 Rg7 34. Nh5 Rgg8 35. Nf3 gxh5 36.
Qxh5# 1-0

[Event "*** SCC Grand Prix: Titled Tuesday Blitz"]
[Site "Chess.com"]
[Date "2020.09.08"]
[Round "7"]
[White "Chessmatus"]
[Black "Martins-BR"]
[Result "1-0"]
[WhiteElo "2383"]
[BlackElo "2260"]
[TimeControl "180+1"]
[EndTime "11:18:07 PDT"]
[Termination "Chessmatus won by resignation"]

1. e4 c5 2. Nf3 e6 3. d4 cxd4 4. Nxd4 Nc6 5. Nc3 Qc7 6. Be3 a6 7. Qd2 Nf6 8. f3 Ne5 9. O-O-O b5 10. g4 h6 11. h4 Be7 12. Rg1 d6 13. g5 hxg5 14.
hxg5 Nfd7 15. f4 Nc4 16. Bxc4 bxc4 17. g6 Bf6 18. gxf7+ Kxf7 19. Nxe6 Qa5 20. Qxd6 Rb8 21. Nxg7 Nf8 22. Qxb8 Bxc3 23. bxc3 Qxc3 24. Bd4 Qa3+ 25.
Qb2 Qe7 26. Nf5 Bxf5 27. Rg7+ 1-0

[Event "*** SCC Grand Prix: Titled Tuesday Blitz"]
[Site "Chess.com"]
[Date "2020.09.08"]
[Round "7"]
[White "Ave_Mariia"]
[Black "Love_craft"]
[Result "1-0"]
[WhiteElo "2467"]
[BlackElo "2580"]
[TimeControl "180+1"]
[EndTime "11:18:08 PDT"]
[Termination "Ave_Mariia won by checkmate"]

1. d4 Nf6 2. c4 g6 3. Nc3 Bg7 4. e4 d6 5. Be2 Nbd7 6. Be3 O-O 7.
g4 e6 8. h4 b6 9. h5 c5 10. g5 Ne8 11. Nf3 cxd4 12. Nxd4 Bb7 13. f3 Rc8 14. hxg6 hxg6 15. Qd2 Qe7 16. O-O-O Ne5 17.
f4 Nxc4 18. Bxc4 Rxc4 19. Qh2 f5 20. Qh7+ Kf7 21. Rh6 Qd7 22. Qxg6+ Ke7 23. Rh7 Rf7 24. exf5 exf5 25. Re1 Be4 26. Kd2 Kd8 27. Nxe4 fxe4 28. f5 Bxd4 29. Qxf7 Qa4 30. Qe7+ Kc8 31. Qb7+ Kd8 32. Qa8+ Rc8 33. Qxe4 Qb4+ 34. Ke2 Qxb2+ 35. Kf3 Be5 36. g6 Rc2 37. Bg5+ Kc8 38. Qb7# 1-0

[Event "*** SCC Grand Prix: Titled Tuesday Blitz"]
[Site "Chess.com"]
[Date "2020.09.08"]
[Round "7"]
[White "Shota_Azaladze"]
[Black "RestartingChess"]
[Result "1-0"]
[WhiteElo "2647"]
[BlackElo "2427"]
[TimeControl "180+1"]
[EndTime "11:18:08 PDT"]
[Termination "Shota_Azaladze won by checkmate"]

1. b3 Nf6 2. Bb2 g6 3. Nf3 Bg7 4. e4 d6 5. Be2 O-O 6. d3 e5 7.
O-O Nc6 8. Nbd2 Bg4 9. c3 Nh5 10. Re1 Nf4 11. Bf1 d5 12. g3 Nh3+ 13. Bxh3 Bxh3 14. b4 a6 15. a4 d4 16. cxd4 Nxb4 17.
Ba3 Nxd3 18. Bxf8 Nxe1 19. Qxe1 Qxf8 20. Nxe5 Bxe5 21. dxe5 Re8 22. f4 Qc5+ 23. Qf2 Qc2 24. Re1 Rd8 25. Nf3 Qxa4 26. Ng5 Bg4 27. h3 Be6 28. f5 Bc4 29. e6 f6 30. fxg6 Kg7 31. Nxh7 Rd1 32. Qxf6+ Kh6 33. Qf8+ Kxg6 34. Qg8+ Kh6 35.
Qg5+ Kxh7 36. Qh5+ Kg7 37. Qxd1 Qxd1 38. Rxd1 Bxe6 39.
g4 Kf6 40. Kf2 Ke5 41. Ke3 b5 42. Rc1 Bc4 43. g5 a5 44. h4 a4 45. g6 Kf6 46.
h5 a3 47. Kd4 a2 48. Kc5 Kg7 49. e5 Kh6 50. Kb4 Kxh5 51. g7 Kh6 52. Rxc4 bxc4 53.
g8=Q a1=Q 54. Qxc4 Qe1+ 55. Qc3 Qxc3+ 56. Kxc3 Kg5 57.
Kd4 Kf5 58. Kd5 c5 59. e6 Kf6 60. Kd6 c4 61. e7 c3 62. e8=Q c2 63. Qe3 Kf5 64. Qc1 Ke4 65. Qxc2+ Ke3 66. Kd5 Kf3 67.
Kd4 Kg3 68. Qf5 Kh2 69. Ke3 Kh1 70. Qg4 Kh2 71. Kf2 Kh1 72. Qg2# 1-0

[Event "*** SCC Grand Prix: Titled Tuesday Blitz"]
[Site "Chess.com"]
[Date "2020.09.08"]
[Round "7"]
[White "uthoang"]
[Black "MathiasWomacka"]
[Result "1/2-1/2"]
[WhiteElo "2277"]
[BlackElo "2410"]
[TimeControl "180+1"]
[EndTime "11:18:08 PDT"]
[Termination "Game drawn by agreement"]

1. d4 Nf6 2. Nf3 e6 3. g3 c5 4. c3 d5 5. Bg2 Nc6 6. O-O Be7 7. e3 O-O 8. b3 b6 9. Bb2 Ba6 10. Re1 Rc8 11. Nbd2 Qc7 12. Rc1 Rfd8 13. Qc2 Bb7 14.
Qb1 a6 15. c4 dxc4 16. Nxc4 b5 17. Nce5 Nxe5 18. Nxe5 Bxg2 19. Kxg2 Qb7+ 20. Kg1 cxd4 21. Bxd4 h6 22. Rxc8 Rxc8 23. Rc1 Ba3 24. Rxc8+ Qxc8 25. Qd3 Be7 26. Qc3 Qxc3 27. Bxc3 Nd5 28.
Bd4 f6 29. Nc6 Bd6 30. e4 Nb4 31. Nxb4 Bxb4 32. f3 Kf7 33. Kf2 f5 34. Ke3 g6 35.
exf5 exf5 36. Be5 Ke6 37. Bg7 h5 38. h3 Kd5 39. Kd3 Bd6 40. g4 fxg4 41. fxg4 hxg4 42.
hxg4 Be5 43. Bh6 Bf6 44. a4 Ke5 45. axb5 axb5 46. Be3 Be7 47. Bd2 Ba3 48. Be3 Be7 49. Bd2 Bh4 50. Be3 Bg3 51. Bd2 Bf4 52. Bc3+ Kd5 53.
Bf6 Bc1 54. Bc3 Bf4 55. Bg7 Bg5 1/2-1/2

[Event "*** SCC Grand Prix: Titled Tuesday Blitz"]
[Site "Chess.com"]
[Date "2020.09.08"]
[Round "7"]
[White "manitodeplomo"]
[Black "K_A_S_T_O_R"]
[Result "1-0"]
[WhiteElo "2581"]
[BlackElo "2740"]
[TimeControl "180+1"]
[EndTime "11:18:10 PDT"]
[Termination "manitodeplomo won by resignation"]

1. d4 Nf6 2. c4 e6 3. Nf3 Bb4+ 4. Nbd2 O-O 5. g3 b6 6. Bg2 Bb7 7. O-O Bxd2 8. Qxd2 a5 9. b3 d6 10. Bb2 Be4 11.
Rfe1 Nbd7 12. Bf1 h6 13. Nh4 Bh7 14. f3 d5 15. Rac1 c5 16. cxd5 exd5 17. Bh3 Re8 18. Nf5 Bxf5 19. Bxf5 Qe7 20. e3 a4 21. Bd3 axb3 22. axb3 Ra2 23. Bb5 Rea8 24. Qc3 R8a5 25. Bf1 Ra8 26. Ra1 Rxa1 27. Rxa1 Rxa1 28. Bxa1 Qe6 29.
Bb2 Qf5 30. Kg2 h5 31. Bd3 Qe6 32. Qd2 c4 33. bxc4 dxc4 34. Bc2 b5 35. e4 Qd6 36.
Bc3 Qb6 37. h3 Ne5 38. dxe5 1-0

[Event "*** SCC Grand Prix: Titled Tuesday Blitz"]
[Site "Chess.com"]
[Date "2020.09.08"]
[Round "7"]
[White "MariaFominykh"]
[Black "boasovietica"]
[Result "1-0"]
[WhiteElo "2355"]
[BlackElo "2467"]
[TimeControl "180+1"]
[EndTime "11:18:10 PDT"]
[Termination "MariaFominykh won on time"]

1. d4 Nf6 2. c4 g6 3. Nc3 Bg7 4. e4 O-O 5. Nf3 d6 6. h3 c5 7. Be3 cxd4 8. Nxd4 Nc6 9. Nc2 Bd7 10. Be2 Rc8 11. O-O a6 12. Na3 Be6 13. Rc1 Ne5 14. b3 Qa5 15. Nab1 b5 16. f4 Nc6 17. f5 Bd7 18.
Nd2 Rfd8 19. cxb5 axb5 20. Bxb5 Nb4 21. Bxd7 Rxd7 22. Na4 Rdc7 23. Nc4 1-0

[Event "*** SCC Grand Prix: Titled Tuesday Blitz"]
[Site "Chess.com"]
[Date "2020.09.08"]
[Round "7"]
[White "vugarrasulov"]
[Black "Artyom_ChessMate"]
[Result "1-0"]
[WhiteElo "2834"]
[BlackElo "2577"]
[TimeControl "180+1"]
[EndTime "11:18:11 PDT"]
[Termination "vugarrasulov won by resignation"]

1. c4 e6 2. d4 d5 3. Nc3 Nf6 4.
Nf3 Be7 5. Bg5 h6 6. Bh4 O-O 7. e3 b6 8. cxd5 Nxd5 9. Bxe7 Qxe7 10. Nxd5 exd5 11. Rc1 Be6 12. Qa4 c5 13. Qa3 Rc8 14. Bb5 Qb7 15. O-O a6 16. Be2 Nd7 17. b3 a5 18. Bb5 Nf6 19. Ne5 c4 20. f3 Nd7 21.
Bxd7 Bxd7 22. bxc4 dxc4 23. Nxc4 Rxc4 24. Rxc4 Bb5 25. Rfc1 Bxc4 26. Rxc4 Qd5 27. Qb3 Re8 28. e4 Qd6 29. d5 Qf6 30. Qc3 Qf4 31. g3 Qg5 32. d6 Kh7 33. f4 Qg4 34. Qd3 g6 35. e5 Rd8 36. Rc7 Kg8 37. Qd5 Qf5 38. Kg2 h5 39. h4 Qg4 1-0

[Event "*** SCC Grand Prix: Titled Tuesday Blitz"]
[Site "Chess.com"]
[Date "2020.09.08"]
[Round "7"]
[White "chesslh19"]
[Black "KyrgyzFighter"]
[Result "0-1"]
[WhiteElo "2206"]
[BlackElo "2353"]
[TimeControl "180+1"]
[EndTime "11:18:12 PDT"]
[Termination "KyrgyzFighter won on time"]

1. e4 e6 2. d4 d5 3. Nd2 Nc6 4.
Ngf3 Nf6 5. e5 Nd7 6. Nb3 a5 7. a4 b6 8. Bb5 Na7 9. Bd3 c5 10. c4 Bb7 11. Bg5 Be7 12. Bxe7 Qxe7 13. O-O O-O 14. Re1 h6 15. dxc5 bxc5 16. Nxa5 Rab8 17. Nxb7 Rxb7 18. cxd5 exd5 19. Bb5 Nxb5 20. axb5 d4 21. b4 Rxb5 22. bxc5 Nxc5 23. Nxd4 Rb2 24. Rb1 Ra2 25. h3 Qh4 26. Re2 Rxe2 27. Nxe2 Rd8 28. Qc2 Nd3 29. Ng3 Nxe5 30. Rd1 Re8 31. Qb3 Qf6 32. Rf1 Ng6 33. Qa2 Nf4 34. Qa4 Rd8 35. Qa5 Rd3 36. Qf5 Ne2+ 0-1

[Event "*** SCC Grand Prix: Titled Tuesday Blitz"]
[Site "Chess.com"]
[Date "2020.09.08"]
[Round "7"]
[White "Gloomy_Wanderer"]
[Black "KNCP_719"]
[Result "1-0"]
[WhiteElo "2742"]
[BlackElo "2564"]
[TimeControl "180+1"]
[EndTime "11:18:13 PDT"]
[Termination "Gloomy_Wanderer won on time"]

1. d4 d5 2. c4 c6 3. cxd5 cxd5 4. Nc3 Nf6 5. Bg5 Nc6 6. Bxf6 gxf6 7. e3 e6 8. Bd3 Bd6 9. Nf3 a6 10. Rc1 f5 11. g3 Bd7 12. O-O O-O 13. Nh4 Be7 14. Ng2 Bd6 15. Qh5 Qf6 16. Nh4 h6 17. Kh1 Ne7 18. f4 Kg7 19. Qe2 Ng6 20. Nf3 Rac8 21. a3 Qd8 22. Rc2 Be7 23. Rfc1 h5 24. h4 Kh6 25.
Qd1 b5 26. Be2 Rh8 27. Ng5 Kg7 28. Na2 Rxc2 29. Rxc2 Bxg5 30. fxg5 Qb8 31. Kg2 a5 32.
b4 axb4 33. axb4 Qd6 34. Qd2 e5 35. dxe5 Nxe5 36. Qd4 Kg6 37. Rc5 Be6 38. Nc3 Nc6 39. Qxh8 1-0

[Event "*** SCC Grand Prix: Titled Tuesday Blitz"]
[Site "Chess.com"]
[Date "2020.09.08"]
[Round "7"]
[White "valeriocarnicelli"]
[Black "Ginger_GM"]
[Result "1-0"]
[WhiteElo "2487"]
[BlackElo "2593"]
[TimeControl "180+1"]
[EndTime "11:18:13 PDT"]
[Termination "valeriocarnicelli won by resignation"]

1. e4 c5 2. Nf3 d6 3. d4 cxd4 4. Nxd4 Nf6 5. Nc3 g6 6. f3 Bg7 7. Be3 Nc6 8. Qd2 Bd7 9. O-O-O Rc8 10. Kb1 Ne5 11. h4 O-O 12. g4 Qa5 13. Nd5 Qxd2 14. Nxe7+ Kh8 15. Bxd2 Rce8 16. Bb4 Rxe7 17. Bxd6 Rfe8 18.
Be2 h5 19. g5 Ng8 20. Rd2 Nc6 21. Nxc6 Bxc6 22. Bxe7 Nxe7 23. Bc4 Kg8 24. Rhd1 Kf8 25. Rd8 Be5 26. R8d3 Bg3 27. Rh1 b5 28. Bb3 a5 29. a3 Rb8 30. Rh3 Be5 31. f4 Bc7 32. Rc3 b4 33. axb4 Rxb4 34. f5 Be5 35. Rc5 Bd6 36. Rxa5 gxf5 37. exf5 Rf4 38. f6 Ng6 39. Ra6 Ne5 40. Re3 Ke8 41. Rxc6 Kd7 42. Ra6 Rf1+ 43. Ka2 Nc6 44. Ba4 1-0

[Event "*** SCC Grand Prix: Titled Tuesday Blitz"]
[Site "Chess.com"]
[Date "2020.09.08"]
[Round "7"]
[White "Bodnar_Mykola"]
[Black "KubaGepard"]
[Result "0-1"]
[WhiteElo "2516"]
[BlackElo "2417"]
[TimeControl "180+1"]
[EndTime "11:18:13 PDT"]
[Termination "KubaGepard won by checkmate"]

1. d4 d5 2. c4 dxc4 3. Nf3 c5 4. d5 Nf6 5. Nc3 e6 6. e4 exd5 7. e5 Ne4 8. Nxe4 dxe4 9. Qxd8+ Kxd8 10. Ng5 Be6 11.
Nxe6+ fxe6 12. Bxc4 Ke7 13. Bg5+ Kf7 14. f3 Be7 15. Be3 Nc6 16. f4 Nd4 17. O-O-O Rhd8 18. g4 b5 19. Bxd4 cxd4 20. Bb3 d3 21. Rhe1 Rd4 22. Re3 Bh4 23. Kb1 Bf2 24. Rh3 e3 25. Rf3 e2 26. Rxf2 exd1=Q+ 27. Bxd1 Ke7 28. f5 Rf8 29. Kc1 Re4 30. Rd2 exf5 31. gxf5 Rxf5 32. Rxd3 Rfxe5 33. Kd2 Rf4 34. Bf3 g5 35. h3 Re6 36. Kc2 Rc4+ 37. Kb3 a5 38. Bd5 Rb4+ 39. Ka3 Re5 40.
Bc6 Rc5 41. Bf3 Rf4 42. b3 Ke6 43. Bg4+ Ke5 44. Rd7 Rf2 45. b4 Rc3# 0-1

[Event "*** SCC Grand Prix: Titled Tuesday Blitz"]
[Site "Chess.com"]
[Date "2020.09.08"]
[Round "7"]
[White "GameOverBro"]
[Black "UCantHandleDenker"]
[Result "0-1"]
[WhiteElo "2462"]
[BlackElo "2604"]
[TimeControl "180+1"]
[EndTime "11:18:14 PDT"]
[Termination "UCantHandleDenker won by checkmate"]

1. e4 d6 2. d4 Nf6 3. Nc3 g6 4. Bc4 Bg7 5. Qe2 Nc6 6. d5 Ne5 7. Bb3 O-O 8. f4 Ned7 9. e5 Ne8 10. e6 Nc5 11. exf7+ Rxf7 12. Nf3 Bg4 13. O-O Nf6 14. Be3 Nxb3 15. axb3 a6 16. Bd4 Nh5 17. Bxg7 Kxg7 18. g3 Qd7 19. Qd2 Bxf3 20. Rxf3 Qg4 21. Raf1 Raf8 22.
Ne4 h6 23. Qc3+ Kg8 24. Qxc7 Nxf4 25. Qc4 Nh3+ 26. Kg2 Rxf3 27. Nf6+ R8xf6 28. Qxg4 Rxf1 29. Kxh3 R1f5 30. Qc4 Kf7 31. Qc7 Rf2 32. c4 Rxb2 33. Qxb7 Rff2 34. Qd7 Rbe2 35. c5 Rxh2+ 36. Kg4 Kf6 37.
cxd6 h5+ 38. Kf3 Rhf2# 0-1